Golden Knights vs Stars
(R1)
Created - February 13, 2020 at 19:44
Goals
|
| Golden Knights |
1 |
1 |
0 |
2 |
| Stars |
2 |
1 |
2 |
5 |
|
Shots
|
| Golden Knights |
11 |
10 |
13 |
34 |
| Stars |
13 |
5 |
13 |
31 |
|
1st period
1. Stars , Jussi Jokinen 17 (Alex Chiasson 9, Antoine Vermette 15) at 3:28 (PP)
2. Stars , John Tavares 23 (Ian White 18, Cory Emmerton 8) at 13:18
3. Golden Knights , Matt Stajan 12 (Ilya Kovalchuk 16) at 17:36
Penalties :
Matt Stajan (Vgs) for Boarding (Major) at 2:35, Brian Lee (Dal) for Interference (Minor) at 9:18
2nd period
4. Stars , Jussi Jokinen 18 (Ian White 19, Alex Chiasson 10) at 4:42 (PP)
5. Golden Knights , Steve Bernier 5 (Zach Bogosian 26, Wayne Simmonds 23) at 19:19
Penalties :
Mathew Dumba (Vgs) for Holding Stick (Minor) at 4:09, Vladimir Mihalik (Vgs) for Tripping (Minor) at 7:24, Antoine Vermette (Dal) for Tripping (Minor) at 18:51, Ilya Kovalchuk (Vgs) for Slashing (Minor) at 19:10
3rd period
6. Stars , Antoine Vermette 11 (Jussi Jokinen 19, Alex Chiasson 11) at 8:19 (PP)
7. Stars , Guillaume Latendresse 20 (John Tavares 35, Ian White 20) at 10:53
Penalties :
Steve Bernier (Vgs) for Tripping (Minor) at 1:33, Ilya Kovalchuk (Vgs) for Hooking (Minor) at 7:31, Michael Kostka (Vgs) for Interference (Minor) at 12:38, Wayne Simmonds (Vgs) for Roughing (Minor) at 19:06
Goalie Stats
Robin Lehner (Vgs), 26 saves from 31 shots - (0.839), L, 17-13-6, 60:00 minutes
Cory Schneider (Dal), 32 saves from 34 shots - (0.941), W, 26-11-1, 60:00 minutes
Players Stats for Golden Knights
Player Name G A P +/- PIM S H SB GA TA FO MP PP MP PK MP
------------------------------------------------------------------------------------
Alex Tanguay 0 0 0 0 0 2 2 0 1 0 0/0 12:22 0:00 0:13
Andrei Loktionov 0 0 0 0 0 3 2 0 1 0 5/8 12:17 1:16 0:00
Brandon Bollig 0 0 0 0 0 2 1 0 0 0 1/1 10:31 0:00 0:00
Chris Higgins 0 0 0 -1 0 0 0 0 0 0 0/0 7:43 1:02 0:00
Damien Brunner 0 0 0 -1 0 1 0 0 0 1 5/9 14:17 0:00 6:48
Ilya Kovalchuk 0 1 1 0 4 5 1 1 0 1 1/1 20:19 1:15 6:03
Jakub Kindl 0 0 0 0 0 0 1 2 0 0 0/0 15:24 0:00 0:25
Jared Cowen 0 0 0 0 0 3 1 3 1 2 0/0 22:43 1:00 6:50
Mathew Dumba 0 0 0 0 2 2 0 1 0 1 0/0 20:59 0:00 6:04
Matt Stajan 1 0 1 0 5 2 1 0 0 0 10/23 13:16 1:02 0:00
Michael Frolik 0 0 0 0 0 5 4 1 0 0 1/2 18:50 1:16 6:23
Michael Kostka 0 0 0 0 2 0 1 0 0 2 0/0 21:11 1:00 5:53
Patrice Cormier 0 0 0 -1 0 3 1 1 0 0 5/12 13:40 0:00 6:23
Steve Bernier 1 0 1 1 2 2 2 0 0 0 0/0 13:34 0:00 0:02
Vincent Lecavalier 0 0 0 0 0 1 0 1 0 0 4/7 12:09 0:00 0:00
Vladimir Mihalik 0 0 0 0 2 1 0 2 0 0 0/0 16:39 1:18 1:07
Wayne Simmonds 0 1 1 1 2 0 2 0 0 0 1/4 15:08 1:02 1:06
Zach Bogosian 0 1 1 0 0 2 1 0 0 2 0/0 23:41 1:18 6:39
Players Stats for Stars
Player Name G A P +/- PIM S H SB GA TA FO MP PP MP PK MP
------------------------------------------------------------------------------------
Alex Chiasson 0 3 3 0 0 1 2 0 2 0 1/2 17:27 5:44 0:00
Alexander Frolov 0 0 0 1 0 0 1 0 0 0 0/0 10:17 0:11 0:21
Andrej Sustr 0 0 0 0 0 0 0 1 1 0 0/0 13:06 0:00 0:50
Antoine Vermette 1 1 2 0 2 4 3 0 1 0 11/22 18:38 5:46 0:36
B.J. Crombeen 0 0 0 0 0 1 0 0 0 0 1/1 9:39 0:00 0:00
Boris Valabik 0 0 0 0 0 0 0 1 0 1 0/0 19:51 5:38 1:09
Brian Lee 0 0 0 0 2 1 3 1 0 0 0/0 27:36 7:51 0:19
Cam Atkinson 0 0 0 0 0 0 1 0 0 0 0/0 6:05 0:00 0:00
Cory Emmerton 0 1 1 0 0 0 1 0 0 0 1/3 10:05 0:00 0:26
Evgeny Grachev 0 0 0 0 0 0 1 0 0 0 0/1 6:05 0:00 0:00
Guillaume Latendresse 1 0 1 -1 0 5 0 0 0 0 1/5 25:32 7:34 1:18
Ian White 0 3 3 0 0 4 3 1 1 0 0/0 27:53 7:51 1:09
John Tavares 1 1 2 0 0 8 3 1 3 1 18/31 25:07 7:34 1:21
Johnny Oduya 0 0 0 0 0 0 0 3 0 0 0/0 19:51 5:38 1:09
Jussi Jokinen 2 1 3 0 0 2 0 1 0 1 0/1 18:12 5:55 0:34
Michael Grabner 0 0 0 1 0 3 0 1 0 0 1/1 22:04 7:32 0:00
Ted Purcell 0 0 0 0 0 2 0 0 1 0 0/0 6:16 0:11 0:00
Tyson Barrie 0 0 0 0 0 0 1 0 0 0 0/0 12:16 0:00 0:00
3 Stars
1 - Jussi Jokinen (Dal)
2 - John Tavares (Dal)
3 - Ian White (Dal)
Power Play
Golden Knights - 0 on 2 Attempt(s) - 0.00%
Stars - 3 on 9 Attempt(s) - 33.33%
Penalty Kill
Golden Knights - 6 on 9 Attempt(s) - 66.67%
- Score 0 goal in Penalty Kill
Stars - 2 on 2 Attempt(s) - 100.00%
- Score 0 goal in Penalty Kill
Team Stat
Golden Knights - Hits : 20 - Faceoff Wins : 33 - Blocked Shots : 12 - Penalty Minutes : 19
Stars - Hits : 19 - Faceoff Wins : 34 - Blocked Shots : 10 - Penalty Minutes : 4
Official
Referees : Unknown
Linesman : Unknown
Game Notes
No Game Note
Finance
Level 1 -- Attendance: 6000 (100.00%) -- Ticket Income $630,000
Level 2 -- Attendance: 4161 (83.22%) -- Ticket Income $282,948
Level 3 -- Attendance: 2000 (100.00%) -- Ticket Income $76,000
Level 4 -- Attendance: 3099 (77.48%) -- Ticket Income $96,069
Luxury Box -- Attendance: 972 (97.20%) -- Ticket Income $179,820
Game was played at the American Airlines Center.
Total Attendance: 16232 (90.18%)
Total Ticket Income: $1,264,837
Other Income: $189,726
Total Income: $1,454,563
Golden Knights
5 vs 5 Forward
Center Left Wing Right Wing Time % Phy DF OF
1 Matt Stajan Ilya Kovalchuk Steve Bernier 30 1 2 2
2 Vincent Lecavalier Alex Tanguay Wayne Simmonds 30 1 2 2
3 Andrei Loktionov Brandon Bollig Michael Frolik 25 1 2 2
4 Patrice Cormier Chris Higgins Damien Brunner 15 1 2 2
5 vs 5 Defense
Defense Defense Time % Phy DF OF
1 Mathew Dumba Jared Cowen 34 1 2 2
2 Michael Kostka Vladimir Mihalik 33 1 2 2
3 Zach Bogosian Jakub Kindl 33 1 2 2
4 Zach Bogosian Jared Cowen 0 1 2 2
PowerPlay Forward
Center Left Wing Right Wing Time % Phy DF OF
1 Matt Stajan Chris Higgins Wayne Simmonds 50 1 2 2
2 Andrei Loktionov Ilya Kovalchuk Michael Frolik 50 1 2 2
PowerPlay Defense
Defense Defense Time % Phy DF OF
1 Zach Bogosian Vladimir Mihalik 50 1 2 2
2 Michael Kostka Jared Cowen 50 1 2 2
Penalty Kill 4 Players Forward
Center Wing Time % Phy DF OF
1 Patrice Cormier Michael Frolik 50 1 2 2
2 Damien Brunner Ilya Kovalchuk 50 1 2 2
Penalty Kill 4 Players Defense
Defense Defense Time % Phy DF OF
1 Zach Bogosian Mathew Dumba 50 1 2 2
2 Michael Kostka Jared Cowen 50 1 2 2
Penalty Kill - 3 Players Forward
Forward Time % Phy DF OF
1 Ilya Kovalchuk 50 1 2 2
2 Andrei Loktionov 50 1 2 2
Penalty Kill - 3 Players Defense
Defense Defense Time % Phy DF OF
1 Michael Kostka Zach Bogosian 70 1 2 2
2 Jared Cowen Vladimir Mihalik 30 1 2 2
4 vs 4 Forward
Center Wing Time % Phy DF OF
1 Wayne Simmonds Steve Bernier 50 1 2 2
2 Andrei Loktionov Michael Frolik 50 1 2 2
4 vs 4 Defense
Defense Defense Time % Phy DF OF
1 Zach Bogosian Jakub Kindl 50 1 2 2
2 Mathew Dumba Jared Cowen 50 1 2 2
Last Minutes Offensive
Center Left Wing Right Wing Defense Defense
Andrei Loktionov Ilya Kovalchuk Michael Frolik Zach Bogosian Vladimir Mihalik
Last Minutes Defensive
Center Left Wing Right Wing Defense Defense
Patrice Cormier Chris Higgins Wayne Simmonds Zach Bogosian Jared Cowen
Goaltenders
Starting : Robin Lehner
Backup : Matt Hackett
Extra Forwards
Normal : Chris Higgins, Patrice Cormier, Damien Brunner - PP : Alex Tanguay, Steve Bernier - PK : Wayne Simmonds
Extra Defensemen
Normal : Jakub Kindl, Vladimir Mihalik, Michael Kostka - PP : Jakub Kindl - PK : Vladimir Mihalik, Jakub Kindl
Penalty Shots
Ilya Kovalchuk, Michael Frolik, Vincent Lecavalier, Chris Higgins, Matt Stajan
Scratches
None
Stars
5 vs 5 Forward
Center Left Wing Right Wing Time % Phy DF OF
1 John Tavares Guillaume Latendresse Michael Grabner 40 1 2 2
2 Antoine Vermette Jussi Jokinen Alex Chiasson 30 1 2 2
3 Cory Emmerton Alexander Frolov B.J. Crombeen 20 1 2 2
4 Evgeny Grachev Ted Purcell Cam Atkinson 10 1 2 2
5 vs 5 Defense
Defense Defense Time % Phy DF OF
1 Ian White Brian Lee 40 1 2 2
2 Boris Valabik Johnny Oduya 30 1 2 2
3 Tyson Barrie Andrej Sustr 20 1 2 2
4 Ian White Brian Lee 10 1 2 2
PowerPlay Forward
Center Left Wing Right Wing Time % Phy DF OF
1 John Tavares Guillaume Latendresse Michael Grabner 60 0 2 3
2 Antoine Vermette Jussi Jokinen Alex Chiasson 40 0 2 3
PowerPlay Defense
Defense Defense Time % Phy DF OF
1 Ian White Brian Lee 60 0 2 3
2 Boris Valabik Johnny Oduya 40 0 2 3
Penalty Kill 4 Players Forward
Center Wing Time % Phy DF OF
1 John Tavares Guillaume Latendresse 60 0 3 2
2 Jussi Jokinen Antoine Vermette 40 0 3 2
Penalty Kill 4 Players Defense
Defense Defense Time % Phy DF OF
1 Ian White Brian Lee 60 0 3 2
2 Boris Valabik Johnny Oduya 40 0 3 2
Penalty Kill - 3 Players Forward
Forward Time % Phy DF OF
1 John Tavares 60 0 3 2
2 Guillaume Latendresse 40 0 3 2
Penalty Kill - 3 Players Defense
Defense Defense Time % Phy DF OF
1 Ian White Brian Lee 60 0 3 2
2 Boris Valabik Johnny Oduya 40 0 3 2
4 vs 4 Forward
Center Wing Time % Phy DF OF
1 John Tavares Guillaume Latendresse 60 1 2 2
2 Jussi Jokinen Antoine Vermette 40 1 2 2
4 vs 4 Defense
Defense Defense Time % Phy DF OF
1 Ian White Brian Lee 60 1 2 2
2 Boris Valabik Johnny Oduya 40 1 2 2
Last Minutes Offensive
Center Left Wing Right Wing Defense Defense
John Tavares Guillaume Latendresse Michael Grabner Ian White Brian Lee
Last Minutes Defensive
Center Left Wing Right Wing Defense Defense
John Tavares Guillaume Latendresse Michael Grabner Ian White Brian Lee
Goaltenders
Starting : Cory Schneider
Backup : Brian Elliott
Extra Forwards
Normal : Alexander Frolov, Ted Purcell, Cory Emmerton - PP : Alexander Frolov, Ted Purcell - PK : Cory Emmerton
Extra Defensemen
Normal : Tyson Barrie, Andrej Sustr, Boris Valabik - PP : Tyson Barrie - PK : Andrej Sustr, Boris Valabik
Penalty Shots
John Tavares, Guillaume Latendresse, Jussi Jokinen, Antoine Vermette, Alexander Frolov
Scratches
Niklas Hjalmarsson (Back Spasms Injury), Shawn Matthias (Healthy)
% Time on Ice - Golden Knights
Lines # - Real PCT - Wanted PCT - Time Play
Normal Forward
1 - 29% - 30% - 12:23
2 - 30% - 30% - 12:58
3 - 25% - 25% - 10:31
4 - 16% - 15% - 6:41
Normal Defense
1 - 34% - 34% - 14:16
2 - 34% - 33% - 14:31
3 - 32% - 33% - 13:46
4 - 0% - 0% - 0:00
PP Forward
1 - 45% - 50% - 1:02
2 - 55% - 50% - 1:16
PP Defense
1 - 57% - 50% - 1:18
2 - 43% - 50% - 1:00
PK Forward
1 - 49% - 50% - 6:38
2 - 51% - 50% - 6:51
PK Defense
1 - 49% - 50% - 6:39
2 - 51% - 50% - 6:50
PK3 Forward
1 - 0% - 50%
2 - 0% - 50%
PK3 Defense
1 - 0% - 70%
2 - 0% - 30%
44 Forward
1 - 71% - 50% - 1:11
2 - 29% - 50% - 0:29
44 Defense
1 - 60% - 50% - 1:00
2 - 40% - 50% - 0:40
Last Minute Offensive - 0:00
Last Minute Defensive - 0:00
Total
Forward - 60:00
Defense - 60:00
|
% Time on Ice - Stars
Lines # - Real PCT - Wanted PCT - Time Play
Normal Forward
1 - 35% - 40% - 15:06
2 - 28% - 30% - 11:43
3 - 23% - 20% - 9:39
4 - 14% - 10% - 6:05
Normal Defense
1 - 40% - 40% - 17:13
2 - 31% - 30% - 13:04
3 - 29% - 20% - 12:16
4 - 0% - 10% - 0:00
PP Forward
1 - 56% - 60% - 7:34
2 - 44% - 40% - 5:55
PP Defense
1 - 58% - 60% - 7:51
2 - 42% - 40% - 5:38
PK Forward
1 - 75% - 60% - 1:44
2 - 25% - 40% - 0:34
PK Defense
1 - 50% - 60% - 1:09
2 - 50% - 40% - 1:09
PK3 Forward
1 - 0% - 60%
2 - 0% - 40%
PK3 Defense
1 - 0% - 60%
2 - 0% - 40%
44 Forward
1 - 100% - 60% - 1:40
2 - 0% - 40% - 0:00
44 Defense
1 - 100% - 60% - 1:40
2 - 0% - 40% - 0:00
Last Minute Offensive - 0:00
Last Minute Defensive - 0:00
Total
Forward - 60:00
Defense - 60:00
|
Play-by-Play
1st period
0:01 of 1st period - John Tavares wins face-off versus Matt Stajan in neutral zone.
0:34 of 1st period - Snap shot by Jussi Jokinen.
0:34 of 1st period - Shot Blocked by Mathew Dumba.
0:36 of 1st period - Slapshot by Ian White.
0:36 of 1st period - Deflect By Vincent Lecavalier.
0:36 of 1st period - Stopped by Robin Lehner without a rebound.
0:37 of 1st period - Brandon Bollig wins face-off versus Cory Emmerton in Golden Knights zone.
0:44 of 1st period - Snap shot by Michael Frolik.
0:44 of 1st period - Stopped by Cory Schneider with a rebound.
1:09 of 1st period - Slapshot by Damien Brunner.
1:09 of 1st period - Shot Blocked by Boris Valabik.
1:47 of 1st period - Snap shot by Antoine Vermette.
1:47 of 1st period - Stopped by Robin Lehner without a rebound.
1:48 of 1st period - Andrei Loktionov wins face-off versus Antoine Vermette in Golden Knights zone.
1:48 of 1st period - Andrei Loktionov is hit by Alex Chiasson.
2:25 of 1st period - Wrist shot by John Tavares.
2:25 of 1st period - Stopped by Robin Lehner with a rebound.
2:27 of 1st period - Snap shot by Guillaume Latendresse.
2:27 of 1st period - Shot Blocked by Jared Cowen.
2:35 of 1st period - Major Penalty to Matt Stajan for Boarding.
2:36 of 1st period - Michael Frolik wins face-off versus John Tavares in Golden Knights zone.
2:43 of 1st period - Wrist shot by Patrice Cormier.
2:43 of 1st period - Stopped by Cory Schneider with a rebound.
2:51 of 1st period - Snap shot by Michael Frolik.
2:51 of 1st period - Shot Blocked by Brian Lee.
2:53 of 1st period - Slapshot by Patrice Cormier.
2:53 of 1st period - Stopped by Cory Schneider with a rebound.
3:12 of 1st period - Wrist shot by Ilya Kovalchuk.
3:12 of 1st period - Stopped by Cory Schneider without a rebound.
3:13 of 1st period - Damien Brunner wins face-off versus Antoine Vermette in Stars zone.
3:16 of 1st period - Snap shot by Damien Brunner.
3:16 of 1st period - Shot Misses the Net.
3:28 of 1st period - Snap shot by Jussi Jokinen.
3:28 of 1st period - Goal by Jussi Jokinen - Golden Knights : 0 - Stars : 1.
3:29 of 1st period - John Tavares wins face-off versus Patrice Cormier in neutral zone.
3:44 of 1st period - Snap shot by John Tavares.
3:44 of 1st period - Shot Hit the Post.
3:46 of 1st period - Wrist shot by Guillaume Latendresse.
3:46 of 1st period - Stopped by Robin Lehner without a rebound.
3:47 of 1st period - Ilya Kovalchuk wins face-off versus Antoine Vermette in Golden Knights zone.
4:25 of 1st period - Snap shot by John Tavares.
4:25 of 1st period - Stopped by Robin Lehner without a rebound.
4:26 of 1st period - Patrice Cormier wins face-off versus John Tavares in Golden Knights zone.
4:34 of 1st period - Snap shot by John Tavares.
4:34 of 1st period - Stopped by Robin Lehner without a rebound.
4:35 of 1st period - John Tavares wins face-off versus Patrice Cormier in Golden Knights zone.
4:50 of 1st period - Slapshot by Guillaume Latendresse.
4:50 of 1st period - Stopped by Robin Lehner without a rebound.
4:51 of 1st period - Damien Brunner wins face-off versus Antoine Vermette in Golden Knights zone.
5:25 of 1st period - Michael Kostka is hit by John Tavares and loses puck.
6:58 of 1st period - Icing by Johnny Oduya.
6:59 of 1st period - Damien Brunner wins face-off versus Jussi Jokinen in Stars zone.
7:35 of 1st period - Penalty to Matt Stajan is over, Matt Stajan is back on ice.
7:44 of 1st period - Slapshot by Jared Cowen.
7:44 of 1st period - Shot Misses the Net.
8:31 of 1st period - Icing by Jared Cowen.
8:32 of 1st period - Matt Stajan wins face-off versus Antoine Vermette in Golden Knights zone.
9:18 of 1st period - Minor Penalty to Brian Lee for Interference.
9:19 of 1st period - John Tavares wins face-off versus Matt Stajan in Stars zone.
10:02 of 1st period - Vladimir Mihalik is hit by Ian White.
11:18 of 1st period - Penalty to Brian Lee is over, Brian Lee is back on ice.
12:57 of 1st period - Michael Kostka is hit by Alex Chiasson and loses puck.
13:18 of 1st period - Snap shot by John Tavares.
13:18 of 1st period - Goal by John Tavares - Golden Knights : 0 - Stars : 2.
13:19 of 1st period - John Tavares wins face-off versus Matt Stajan in neutral zone.
13:30 of 1st period - Snap shot by Michael Grabner.
13:30 of 1st period - Shot Misses the Net.
13:32 of 1st period - Slapshot by Ian White.
13:32 of 1st period - Stopped by Robin Lehner with a rebound.
13:34 of 1st period - Snap shot by Brian Lee.
13:34 of 1st period - Shot Blocked by Jakub Kindl.
13:57 of 1st period - Snap shot by Vincent Lecavalier.
13:57 of 1st period - Shot Blocked by Jussi Jokinen.
14:09 of 1st period - Vladimir Mihalik is hit by Cory Emmerton and loses puck.
15:53 of 1st period - Guillaume Latendresse is hit by Zach Bogosian and loses puck.
16:24 of 1st period - Ian White is hit by Jakub Kindl and loses puck.
16:39 of 1st period - Vincent Lecavalier is hit by Antoine Vermette and loses puck.
16:58 of 1st period - Snap shot by Michael Frolik.
16:58 of 1st period - Stopped by Cory Schneider without a rebound.
16:59 of 1st period - Cory Emmerton wins face-off versus Andrei Loktionov in Stars zone.
17:08 of 1st period - Backhand shot by B.J. Crombeen.
17:08 of 1st period - Stopped by Robin Lehner without a rebound.
17:09 of 1st period - Matt Stajan wins face-off versus Antoine Vermette in Golden Knights zone.
17:20 of 1st period - Wrist shot by Antoine Vermette.
17:20 of 1st period - Stopped by Robin Lehner without a rebound.
17:21 of 1st period - Matt Stajan wins face-off versus John Tavares in Golden Knights zone.
17:30 of 1st period - Wrist shot by Ilya Kovalchuk.
17:30 of 1st period - Stopped by Cory Schneider without a rebound.
17:31 of 1st period - Matt Stajan wins face-off versus Guillaume Latendresse in Stars zone.
17:36 of 1st period - Wrist shot by Matt Stajan.
17:36 of 1st period - Goal by Matt Stajan - Golden Knights : 1 - Stars : 2.
17:37 of 1st period - Matt Stajan wins face-off versus John Tavares in neutral zone.
17:41 of 1st period - Backhand shot by Zach Bogosian.
17:41 of 1st period - Shot Blocked by Michael Grabner.
17:43 of 1st period - Slapshot by Ilya Kovalchuk.
17:43 of 1st period - Stopped by Cory Schneider with a rebound.
18:00 of 1st period - John Tavares is hit by Matt Stajan and loses puck.
18:09 of 1st period - Backhand shot by Matt Stajan.
18:09 of 1st period - Shot Misses the Net.
18:17 of 1st period - Wrist shot by Michael Grabner.
18:17 of 1st period - Stopped by Robin Lehner with a rebound.
18:55 of 1st period - Snap shot by Matt Stajan.
18:55 of 1st period - Shot Misses the Net.
18:57 of 1st period - Slapshot by Steve Bernier.
18:57 of 1st period - Shot Misses the Net.
18:59 of 1st period - Snap shot by Matt Stajan.
18:59 of 1st period - Stopped by Cory Schneider without a rebound.
19:00 of 1st period - Antoine Vermette wins face-off versus Vincent Lecavalier in Stars zone.
19:07 of 1st period - Snap shot by Alex Chiasson.
19:07 of 1st period - Shot Blocked by Vladimir Mihalik.
19:15 of 1st period - Snap shot by Alex Tanguay.
19:15 of 1st period - Stopped by Cory Schneider with a rebound.
19:25 of 1st period - Alexander Frolov is hit by Michael Frolik and loses puck.
19:30 of 1st period - Wrist shot by Andrei Loktionov.
19:30 of 1st period - Shot Blocked by Johnny Oduya.
19:32 of 1st period - Slapshot by Jared Cowen.
19:32 of 1st period - Stopped by Cory Schneider without a rebound.
19:33 of 1st period - Vincent Lecavalier wins face-off versus Antoine Vermette in Stars zone.
19:40 of 1st period - Slapshot by Jussi Jokinen.
19:40 of 1st period - Shot Misses the Net.
Goals for this period are 1 for Golden Knights vs 2 for Stars.
Shots for this period are 11 for Golden Knights vs 13 for Stars.
2nd period
0:01 of 2nd period - Vincent Lecavalier wins face-off versus Antoine Vermette in neutral zone.
0:48 of 2nd period - Icing by Michael Grabner.
0:49 of 2nd period - John Tavares wins face-off versus Matt Stajan in Stars zone.
1:40 of 2nd period - Michael Frolik is hit by Brian Lee and loses puck.
1:51 of 2nd period - Slapshot by Michael Frolik.
1:51 of 2nd period - Stopped by Cory Schneider with a rebound.
2:01 of 2nd period - John Tavares is hit by Ilya Kovalchuk and loses puck.
2:07 of 2nd period - Off-side.
2:08 of 2nd period - Antoine Vermette wins face-off versus Matt Stajan in neutral zone.
2:13 of 2nd period - Snap shot by Jussi Jokinen.
2:13 of 2nd period - Shot Misses the Net.
2:23 of 2nd period - Antoine Vermette is hit by Steve Bernier and loses puck.
3:08 of 2nd period - Wrist shot by Michael Grabner.
3:08 of 2nd period - Stopped by Robin Lehner without a rebound.
3:09 of 2nd period - Andrei Loktionov wins face-off versus John Tavares in Golden Knights zone.
3:49 of 2nd period - Boris Valabik is hit by Wayne Simmonds and loses puck.
3:59 of 2nd period - Icing by Mathew Dumba.
4:00 of 2nd period - Matt Stajan wins face-off versus Cory Emmerton in Golden Knights zone.
4:09 of 2nd period - Minor Penalty to Mathew Dumba for Holding Stick.
4:10 of 2nd period - Damien Brunner wins face-off versus Guillaume Latendresse in Golden Knights zone.
4:42 of 2nd period - Wrist shot by Jussi Jokinen.
4:42 of 2nd period - Goal by Jussi Jokinen - Golden Knights : 1 - Stars : 3.
4:43 of 2nd period - Vincent Lecavalier wins face-off versus John Tavares in neutral zone.
5:09 of 2nd period - Michael Frolik is hit by Ian White and loses puck.
6:47 of 2nd period - Snap shot by Antoine Vermette.
6:47 of 2nd period - Shot Misses the Net.
6:49 of 2nd period - Wrist shot by Antoine Vermette.
6:49 of 2nd period - Shot Misses the Net.
6:51 of 2nd period - Snap shot by Ian White.
6:51 of 2nd period - Shot Misses the Net.
7:24 of 2nd period - Minor Penalty to Vladimir Mihalik for Tripping.
7:25 of 2nd period - John Tavares wins face-off versus Damien Brunner in Golden Knights zone.
7:28 of 2nd period - Slapshot by John Tavares.
7:28 of 2nd period - Shot Misses the Net.
7:30 of 2nd period - Wrist shot by Ian White.
7:30 of 2nd period - Stopped by Robin Lehner without a rebound.
7:31 of 2nd period - John Tavares wins face-off versus Damien Brunner in Golden Knights zone.
8:00 of 2nd period - Slapshot by Ian White.
8:00 of 2nd period - Deflect By Michael Frolik.
8:00 of 2nd period - Stopped by Robin Lehner with a rebound.
8:28 of 2nd period - Slapshot by John Tavares.
8:28 of 2nd period - Stopped by Robin Lehner without a rebound.
8:29 of 2nd period - Antoine Vermette wins face-off versus Patrice Cormier in Golden Knights zone.
8:45 of 2nd period - Off-side.
8:46 of 2nd period - Antoine Vermette wins face-off versus Damien Brunner in neutral zone.
9:10 of 2nd period - Icing by Guillaume Latendresse.
9:11 of 2nd period - Damien Brunner wins face-off versus Guillaume Latendresse in Stars zone.
9:24 of 2nd period - Penalty to Vladimir Mihalik is over, Vladimir Mihalik is back on ice.
9:44 of 2nd period - Snap shot by Damien Brunner.
9:44 of 2nd period - Shot Misses the Net.
10:00 of 2nd period - Wrist shot by Ilya Kovalchuk.
10:00 of 2nd period - Shot Misses the Net.
10:02 of 2nd period - Slapshot by Damien Brunner.
10:02 of 2nd period - Stopped by Cory Schneider without a rebound.
10:03 of 2nd period - Antoine Vermette wins face-off versus Vincent Lecavalier in Stars zone.
13:29 of 2nd period - Ilya Kovalchuk is hit by John Tavares and loses puck.
13:47 of 2nd period - Andrei Loktionov is hit by Brian Lee and loses puck.
14:01 of 2nd period - Icing by Mathew Dumba.
14:02 of 2nd period - Antoine Vermette wins face-off versus Patrice Cormier in Golden Knights zone.
14:05 of 2nd period - Wrist shot by Alex Chiasson.
14:05 of 2nd period - Shot Misses the Net.
14:15 of 2nd period - Snap shot by Damien Brunner.
14:15 of 2nd period - Shot Misses the Net.
14:17 of 2nd period - Slapshot by Zach Bogosian.
14:17 of 2nd period - Stopped by Cory Schneider with a rebound.
14:19 of 2nd period - Snap shot by Zach Bogosian.
14:19 of 2nd period - Shot Misses the Net.
14:31 of 2nd period - Slapshot by Alex Tanguay.
14:31 of 2nd period - Stopped by Cory Schneider with a rebound.
14:33 of 2nd period - Snap shot by Alex Tanguay.
14:33 of 2nd period - Shot Misses the Net.
14:35 of 2nd period - Wrist shot by Vincent Lecavalier.
14:35 of 2nd period - Shot Misses the Net.
14:37 of 2nd period - Slapshot by Zach Bogosian.
14:37 of 2nd period - Shot Misses the Net.
14:39 of 2nd period - Wrist shot by Vincent Lecavalier.
14:39 of 2nd period - Shot Misses the Net.
14:41 of 2nd period - Snap shot by Zach Bogosian.
14:41 of 2nd period - Shot Blocked by Andrej Sustr.
14:51 of 2nd period - Slapshot by Andrei Loktionov.
14:51 of 2nd period - Stopped by Cory Schneider with a rebound.
14:53 of 2nd period - Snap shot by Andrei Loktionov.
14:53 of 2nd period - Shot Misses the Net.
14:55 of 2nd period - Slapshot by Jared Cowen.
14:55 of 2nd period - Shot Misses the Net.
14:57 of 2nd period - Snap shot by Michael Frolik.
14:57 of 2nd period - Stopped by Cory Schneider without a rebound.
14:58 of 2nd period - John Tavares wins face-off versus Andrei Loktionov in Stars zone.
14:58 of 2nd period - John Tavares is hit by Michael Frolik.
15:22 of 2nd period - Guillaume Latendresse is hit by Andrei Loktionov and loses puck.
15:31 of 2nd period - Brandon Bollig is hit by John Tavares and loses puck.
16:01 of 2nd period - Snap shot by Andrei Loktionov.
16:01 of 2nd period - Shot Misses the Net.
16:10 of 2nd period - Wrist shot by Michael Frolik.
16:10 of 2nd period - Shot Blocked by John Tavares.
16:12 of 2nd period - Slapshot by Michael Frolik.
16:12 of 2nd period - Shot Misses the Net.
16:14 of 2nd period - Slapshot by Jared Cowen.
16:14 of 2nd period - Deflect By Michael Frolik.
16:14 of 2nd period - Shot Misses the Net.
16:14 of 2nd period - Puck is out of play.
16:15 of 2nd period - Antoine Vermette wins face-off versus Matt Stajan in Stars zone.
16:15 of 2nd period - Antoine Vermette is hit by Steve Bernier.
17:02 of 2nd period - Damien Brunner is hit by Evgeny Grachev and loses puck.
17:23 of 2nd period - Ilya Kovalchuk is hit by Antoine Vermette and loses puck.
18:29 of 2nd period - Icing by Jussi Jokinen.
18:30 of 2nd period - Andrei Loktionov wins face-off versus Antoine Vermette in Stars zone.
18:33 of 2nd period - Wrist shot by Vincent Lecavalier.
18:33 of 2nd period - Stopped by Cory Schneider with a rebound.
18:35 of 2nd period - Wrist shot by Mathew Dumba.
18:35 of 2nd period - Stopped by Cory Schneider with a rebound.
18:37 of 2nd period - Slapshot by Mathew Dumba.
18:37 of 2nd period - Stopped by Cory Schneider with a rebound.
18:39 of 2nd period - Slapshot by Alex Tanguay.
18:39 of 2nd period - Shot Misses the Net.
18:51 of 2nd period - Minor Penalty to Antoine Vermette for Tripping.
18:52 of 2nd period - Andrei Loktionov wins face-off versus John Tavares in Stars zone.
19:10 of 2nd period - Minor Penalty to Ilya Kovalchuk for Slashing.
19:11 of 2nd period - Wayne Simmonds wins face-off versus John Tavares in Golden Knights zone.
19:19 of 2nd period - Snap shot by Steve Bernier.
19:19 of 2nd period - Goal by Steve Bernier - Golden Knights : 2 - Stars : 3.
19:20 of 2nd period - John Tavares wins face-off versus Michael Frolik in neutral zone.
19:23 of 2nd period - Slapshot by Brian Lee.
19:23 of 2nd period - Shot Misses the Net.
19:25 of 2nd period - Slapshot by Ian White.
19:25 of 2nd period - Deflect By Guillaume Latendresse.
19:25 of 2nd period - Shot Blocked by Jared Cowen.
19:25 of 2nd period - Puck is out of play.
19:26 of 2nd period - Andrei Loktionov wins face-off versus John Tavares in Golden Knights zone.
19:33 of 2nd period - Guillaume Latendresse is hit by Andrei Loktionov and loses puck.
19:40 of 2nd period - Snap shot by Michael Frolik.
19:40 of 2nd period - Shot Blocked by Ian White.
19:58 of 2nd period - Slapshot by Wayne Simmonds.
19:58 of 2nd period - Shot Misses the Net.
Goals for this period are 1 for Golden Knights vs 1 for Stars.
Shots for this period are 10 for Golden Knights vs 5 for Stars.
3rd period
0:01 of 3rd period - John Tavares wins face-off versus Wayne Simmonds in neutral zone.
0:51 of 3rd period - Penalty to Antoine Vermette is over, Antoine Vermette is back on ice.
0:52 of 3rd period - Snap shot by John Tavares.
0:52 of 3rd period - Deflect By Guillaume Latendresse.
0:52 of 3rd period - Shot Misses the Net.
0:52 of 3rd period - Puck is out of play.
0:53 of 3rd period - Patrice Cormier wins face-off versus Antoine Vermette in Golden Knights zone.
0:58 of 3rd period - Slapshot by Jared Cowen.
0:58 of 3rd period - Stopped by Cory Schneider without a rebound.
0:59 of 3rd period - Patrice Cormier wins face-off versus Alex Chiasson in Stars zone.
1:00 of 3rd period - Wrist shot by Michael Frolik.
1:00 of 3rd period - Shot Blocked by Johnny Oduya.
1:02 of 3rd period - Snap shot by Patrice Cormier.
1:02 of 3rd period - Stopped by Cory Schneider without a rebound.
1:03 of 3rd period - Patrice Cormier wins face-off versus Antoine Vermette in Stars zone.
1:04 of 3rd period - Wrist shot by Michael Frolik.
1:04 of 3rd period - Shot Misses the Net.
1:06 of 3rd period - Wrist shot by Jared Cowen.
1:06 of 3rd period - Stopped by Cory Schneider without a rebound.
1:07 of 3rd period - John Tavares wins face-off versus Wayne Simmonds in Stars zone.
1:10 of 3rd period - Penalty to Ilya Kovalchuk is over, Ilya Kovalchuk is back on ice.
1:16 of 3rd period - Snap shot by John Tavares.
1:16 of 3rd period - Stopped by Robin Lehner without a rebound.
1:17 of 3rd period - Matt Stajan wins face-off versus Guillaume Latendresse in Golden Knights zone.
1:26 of 3rd period - Snap shot by Michael Grabner.
1:26 of 3rd period - Shot Misses the Net.
1:28 of 3rd period - Snap shot by Michael Grabner.
1:28 of 3rd period - Shot Misses the Net.
1:30 of 3rd period - Slapshot by Michael Grabner.
1:30 of 3rd period - Stopped by Robin Lehner without a rebound.
1:31 of 3rd period - Matt Stajan wins face-off versus John Tavares in Golden Knights zone.
1:33 of 3rd period - Minor Penalty to Steve Bernier for Tripping.
1:34 of 3rd period - Michael Grabner wins face-off versus Damien Brunner in Golden Knights zone.
1:48 of 3rd period - Slapshot by Brian Lee.
1:48 of 3rd period - Shot Blocked by Patrice Cormier.
2:34 of 3rd period - Alex Chiasson is hit by Patrice Cormier and loses puck.
3:23 of 3rd period - Guillaume Latendresse is hit by Michael Frolik and loses puck.
3:33 of 3rd period - Penalty to Steve Bernier is over, Steve Bernier is back on ice.
3:36 of 3rd period - Steve Bernier is hit by Antoine Vermette and loses puck.
4:11 of 3rd period - Icing by Ted Purcell.
4:12 of 3rd period - Matt Stajan wins face-off versus Evgeny Grachev in Stars zone.
4:59 of 3rd period - Wrist shot by John Tavares.
4:59 of 3rd period - Shot Blocked by Jared Cowen.
5:01 of 3rd period - Slapshot by Johnny Oduya.
5:01 of 3rd period - Shot Misses the Net.
5:11 of 3rd period - Antoine Vermette is hit by Michael Frolik and loses puck.
5:44 of 3rd period - Slapshot by Cam Atkinson.
5:44 of 3rd period - Shot Blocked by Jakub Kindl.
6:14 of 3rd period - Slapshot by Zach Bogosian.
6:14 of 3rd period - Stopped by Cory Schneider without a rebound.
6:15 of 3rd period - John Tavares wins face-off versus Patrice Cormier in Stars zone.
6:42 of 3rd period - Andrej Sustr is hit by Alex Tanguay and loses puck.
7:05 of 3rd period - Michael Grabner is hit by Brandon Bollig and loses puck.
7:14 of 3rd period - Snap shot by Guillaume Latendresse.
7:14 of 3rd period - Stopped by Robin Lehner without a rebound.
7:15 of 3rd period - Antoine Vermette wins face-off versus Matt Stajan in Golden Knights zone.
7:31 of 3rd period - Minor Penalty to Ilya Kovalchuk for Hooking.
7:32 of 3rd period - Antoine Vermette wins face-off versus Wayne Simmonds in Golden Knights zone.
7:44 of 3rd period - Wrist shot by Alex Chiasson.
7:44 of 3rd period - Stopped by Robin Lehner with a rebound.
7:46 of 3rd period - Wrist shot by Antoine Vermette.
7:46 of 3rd period - Stopped by Robin Lehner without a rebound.
7:47 of 3rd period - John Tavares wins face-off versus Patrice Cormier in Golden Knights zone.
8:19 of 3rd period - Snap shot by Jussi Jokinen.
8:19 of 3rd period - Deflect By Antoine Vermette.
8:19 of 3rd period - Goal by Antoine Vermette - Golden Knights : 2 - Stars : 4.
8:20 of 3rd period - Matt Stajan wins face-off versus John Tavares in neutral zone.
8:27 of 3rd period - Wrist shot by Ilya Kovalchuk.
8:27 of 3rd period - Stopped by Cory Schneider with a rebound.
8:33 of 3rd period - Wrist shot by Matt Stajan.
8:33 of 3rd period - Shot Misses the Net.
8:35 of 3rd period - Wrist shot by Ilya Kovalchuk.
8:35 of 3rd period - Shot Misses the Net.
8:37 of 3rd period - Slapshot by Vladimir Mihalik.
8:37 of 3rd period - Stopped by Cory Schneider with a rebound.
9:14 of 3rd period - Brian Lee is hit by Jared Cowen and loses puck.
9:35 of 3rd period - Icing by Jakub Kindl.
9:36 of 3rd period - John Tavares wins face-off versus Andrei Loktionov in Golden Knights zone.
9:55 of 3rd period - Slapshot by Michael Frolik.
9:55 of 3rd period - Stopped by Cory Schneider with a rebound.
9:57 of 3rd period - Slapshot by Zach Bogosian.
9:57 of 3rd period - Shot Blocked by Johnny Oduya.
9:59 of 3rd period - Snap shot by Michael Frolik.
9:59 of 3rd period - Deflect By Brandon Bollig.
9:59 of 3rd period - Stopped by Cory Schneider without a rebound.
10:00 of 3rd period - Antoine Vermette wins face-off versus Matt Stajan in Stars zone.
10:02 of 3rd period - Icing by Jussi Jokinen.
10:03 of 3rd period - Antoine Vermette wins face-off versus Matt Stajan in Stars zone.
10:15 of 3rd period - Slapshot by Ilya Kovalchuk.
10:15 of 3rd period - Stopped by Cory Schneider without a rebound.
10:16 of 3rd period - John Tavares wins face-off versus Matt Stajan in Stars zone.
10:21 of 3rd period - Slapshot by Brian Lee.
10:21 of 3rd period - Stopped by Robin Lehner without a rebound.
10:22 of 3rd period - John Tavares wins face-off versus Matt Stajan in Golden Knights zone.
10:23 of 3rd period - Wrist shot by Guillaume Latendresse.
10:23 of 3rd period - Stopped by Robin Lehner without a rebound.
10:24 of 3rd period - Guillaume Latendresse wins face-off versus Matt Stajan in Golden Knights zone.
10:37 of 3rd period - Snap shot by Steve Bernier.
10:37 of 3rd period - Deflect By John Tavares.
10:37 of 3rd period - Stopped by Cory Schneider with a rebound.
10:45 of 3rd period - Wrist shot by John Tavares.
10:45 of 3rd period - Shot Misses the Net.
10:47 of 3rd period - Snap shot by John Tavares.
10:47 of 3rd period - Shot Blocked by Vladimir Mihalik.
10:49 of 3rd period - Snap shot by John Tavares.
10:49 of 3rd period - Shot Blocked by Ilya Kovalchuk.
10:51 of 3rd period - Slapshot by Ian White.
10:51 of 3rd period - Deflect By John Tavares.
10:51 of 3rd period - Stopped by Robin Lehner with a rebound.
10:53 of 3rd period - Wrist shot by Guillaume Latendresse.
10:53 of 3rd period - Goal by Guillaume Latendresse - Golden Knights : 2 - Stars : 5.
10:54 of 3rd period - Vincent Lecavalier wins face-off versus John Tavares in neutral zone.
11:01 of 3rd period - Mathew Dumba is hit by Ian White and loses puck.
11:20 of 3rd period - Mathew Dumba is hit by Brian Lee and loses puck.
11:43 of 3rd period - Wrist shot by Andrei Loktionov.
11:43 of 3rd period - Stopped by Cory Schneider with a rebound.
11:45 of 3rd period - Wrist shot by Andrei Loktionov.
11:45 of 3rd period - Stopped by Cory Schneider with a rebound.
11:51 of 3rd period - Wrist shot by Brandon Bollig.
11:51 of 3rd period - Stopped by Cory Schneider with a rebound.
12:05 of 3rd period - Wrist shot by Cam Atkinson.
12:05 of 3rd period - Deflect By Ted Purcell.
12:05 of 3rd period - Stopped by Robin Lehner with a rebound.
12:07 of 3rd period - Snap shot by Ted Purcell.
12:07 of 3rd period - Stopped by Robin Lehner with a rebound.
12:21 of 3rd period - Michael Grabner is hit by Alex Tanguay and loses puck.
12:38 of 3rd period - Minor Penalty to Michael Kostka for Interference.
12:39 of 3rd period - Patrice Cormier wins face-off versus John Tavares in Golden Knights zone.
12:52 of 3rd period - Wrist shot by Michael Grabner.
12:52 of 3rd period - Shot Misses the Net.
12:54 of 3rd period - Snap shot by Johnny Oduya.
12:54 of 3rd period - Shot Blocked by Michael Frolik.
12:56 of 3rd period - Snap shot by Boris Valabik.
12:56 of 3rd period - Shot Misses the Net.
14:38 of 3rd period - Penalty to Michael Kostka is over, Michael Kostka is back on ice.
16:17 of 3rd period - Wrist shot by John Tavares.
16:17 of 3rd period - Stopped by Robin Lehner with a rebound.
16:34 of 3rd period - Zach Bogosian is hit by Tyson Barrie and loses puck.
17:12 of 3rd period - Wayne Simmonds is hit by Alexander Frolov and loses puck.
17:26 of 3rd period - Alexander Frolov is hit by Wayne Simmonds and loses puck.
18:03 of 3rd period - Jakub Kindl is hit by Cam Atkinson and loses puck.
18:31 of 3rd period - Icing by Andrej Sustr.
18:32 of 3rd period - Alex Chiasson wins face-off versus Matt Stajan in Stars zone.
19:01 of 3rd period - Slapshot by Alexander Frolov.
19:01 of 3rd period - Deflect By Cory Emmerton.
19:01 of 3rd period - Shot Blocked by Vincent Lecavalier.
19:01 of 3rd period - Puck is out of play.
19:02 of 3rd period - B.J. Crombeen wins face-off versus Vincent Lecavalier in Golden Knights zone.
19:06 of 3rd period - Minor Penalty to Wayne Simmonds for Roughing.
19:07 of 3rd period - John Tavares wins face-off versus Patrice Cormier in Golden Knights zone.
19:34 of 3rd period - Alex Chiasson is hit by Michael Kostka and loses puck.
Goals for this period are 0 for Golden Knights vs 2 for Stars.
Shots for this period are 13 for Golden Knights vs 13 for Stars.
Back to the Top